[Event "Pere Noel"]
[Site "Montreal CAN"]
[Date "2002.12.27"]
[Round "2"]
[White "Lacoste, Donald"]
[Black "Blais, Georges"]
[Result "0-1"]
[ECO "A52"]
[WhiteElo "1826"]
[BlackElo "1648"]
[PlyCount "42"]
[EventDate "2002.12.26"]
[EventType "swiss"]
[EventRounds "5"]
[EventCountry "CAN"]
[TimeControl "30/90:0"]

1. d4 Nf6 2. c4 e5 3. dxe5 Ng4 4. Qd4 d6 5. exd6 Nc6 6. Qd1 Bxd6 7. Nf3 Nxf2 8.
Kxf2 Bg3+ 9. hxg3 Qxd1 10. Nc3 Qc2 11. Rh4 Be6 12. Nb5 Rc8 13. Bf4 Qxb2 14. Rd1
Ke7 15. Rd2 Qb1 16. e3 Rhd8 17. Rxd8 Rxd8 18. Bxc7 Rd1 19. Be2 Rh1 20. Rxh1
Qxh1 21. Bd6+ Kd7 0-1